 Dungeon Crawl Stone Soup version 0.28.0 (webtiles) character file.

Game seed: 8506832240961731971

4 Morbidden the Conjurer (level 1, -2/13 HPs)
             Began as a Demonspawn Conjurer on Feb 16, 2022.
             Slain by a goblin (3 damage)
             ... on level 1 of the Dungeon.
             The game lasted 00:00:15 (108 turns).

Morbidden the Conjurer (Demonspawn Conjurer)         Turns: 108, Time: 00:00:16

Health: -2/13      AC:  2    Str:  7    XL:     1   Next: 58%
Magic:  0/3        EV: 12    Int: 19    God:
Gold:   24         SH:  0    Dex: 11    Spells: 3/4 levels left

rFire   . . .      SeeInvis .   (no weapon)
rCold   . . .      Faith    .   (no shield)
rNeg    . . .      Spirit   .   a - +0 robe
rPois   .          Reflect  .   (no helmet)
rElec   .          Harm     .   (no cloak)
rCorr   .          Rampage  .   (no gloves)
Will    .....                   (no boots)
Stlth   ++........              (no amulet)
HPRegen 0.04/turn               (no ring)
MPRegen 0.08/turn               (no ring)

@: no status effects
A: no striking features
a: no special abilities


You were on level 1 of the Dungeon.
You visited 1 branch of the dungeon, and saw 1 of its levels.

You collected 24 gold pieces.

Inventory:

Armour
 a - a +0 robe (worn)


   Skills:
 + Level 1.7 Dodging
 + Level 1.7 Stealth
 + Level 0.3 Unarmed Combat
 + Level 2.0 Spellcasting
 + Level 4.2 Conjurations


You had 3 spell levels left.
You knew the following spells:

 Your Spells              Type           Power      Damage    Failure   Level
a - Magic Dart            Conj           68%        1d6       3%          1

Your spell library contained the following spells:

 Spells                   Type           Power      Damage    Failure   Level
 Searing Ray              Conj           34%        2d5       4%          2
 Dazzling Flash           Conj/Hex       18%        N/A       22%         3
 Fulminant Prism          Conj/Hex       4%         3d6       56%         4
 Iskenderun's Mystic Bla  Conj/Tloc      9%         2d4       56%         4


Dungeon Overview and Level Annotations

Branches:
Dungeon (1/15)

Altars:


Message History

* * * LOW HITPOINT WARNING * * *
The jackal barely misses you.
Unknown command.
You aren't carrying any potions.
You aren't carrying any potions.
The jackal barely misses you.
Unknown command.
The jackal barely misses you.
The jackal bites you but does no damage.
A goblin and 2 kobolds come into view.
Found a fizzy cyan potion.
Found a faded altar of an unknown god.
Found a stone staircase leading down.
The goblin shouts!
You hear a shout!
The goblin moves out of view.
The jackal closely misses you.
Unknown command.
A hobgoblin comes into view.
You hit the hobgoblin.
The hobgoblin is heavily wounded.
The jackal barely misses you. x2
The hobgoblin hits you but does no damage.
You hit the hobgoblin but do no damage.
The hobgoblin is heavily wounded.
The jackal barely misses you. The hobgoblin completely misses you.
You completely miss the hobgoblin.
The hobgoblin is heavily wounded.
The kobold shouts!
You hear a shout!
The jackal closely misses you. The kobold completely misses you.
A hobgoblin comes into view.
The jackal closely misses you. The hobgoblin hits you.
* * * LOW HITPOINT WARNING * * *
Casting: Magic Dart (safe; 3% risk of failure)
Confirm with . or Enter, or press ? or * to list all spells.
Aiming: Magic Dart (safe; 3% risk of failure)
Press: ? - help, Shift-Dir - straight line, f - hobgoblin
Aim: a hobgoblin (heavily wounded, 100% to hit)
The magic dart hits the hobgoblin.
You kill the hobgoblin!
The goblin hits you with a +0 dagger.
You die... ..##...##.. ......... . ...(.... #+. .. #..# ##+#.. ..##..###### ....# > ..<........## ...# _. ............# ..# KK.

..##...##...##+#.# ..
..
#..####..##.#@#.####
.. #..#
##..##.Khg..!K.g ..
#...##...###.##......
.. #........#
#.###....# .#
##......'###..###..##
########......#####
#...#....#
#.....#.#....#
#.###.#.#...##


You could see a jackal, a hobgoblin, a goblin and 2 kobolds.

Vanquished Creatures
  An endoplasm (D:1)
  2 hobgoblins (D:1)
  A jackal (D:1)
  A frilled lizard (D:1)
5 creatures vanquished.

Notes
Turn   | Place    | Note
-------+----------+-------------------------------------------
     0 | D:1      | Morbidden the Demonspawn Conjurer began the quest for the
                  | Orb.
     0 | D:1      | Reached XP level 1. HP: 13/13 MP: 3/3
   102 | D:1      | Found a faded altar of an unknown god.
   108 | D:1      | Slain by a goblin

Illustrated notes

Levels and vault maps discovered:
D:1:      minmay_arrival_four_loops, layout_basic,
          ebering_ecumenical_altar_abandoned, minivault_19, grunt_decor_cap

Action                   || total
-------------------------++-------
Melee: Unarmed           ||    18
       Punch             ||     1
 Cast: Magic Dart        ||     9
Armor: Robe              ||     3
Dodge: Dodged            ||    23
